 Dungeon Crawl Stone Soup version 0.22-a0-77-g0fd0111 (webtiles) character file.

18 roguesci the Charmwright (level 2, 0/22 HPs)
             Began as a Demonspawn Skald on Jan 14, 2018.
             Slain by an adder (4 damage)
             ... on level 2 of the Dungeon.
             The game lasted 00:01:32 (584 turns).

roguesci the Charmwright (Demonspawn Skald)          Turns: 584, Time: 00:01:32

Health: 0/22       AC:  3    Str: 11    XL:     2   Next: 51%
Magic:  5/5        EV: 12    Int: 14    God:
Gold:   14         SH:  0    Dex: 12    Spells: 4/5 levels left

rFire    . . .     SeeInvis .   a - +0 short sword
rCold    . . .     Gourm    .   (no shield)
rNeg     . . .     Faith    .   b - +0 leather armour
rPois    .         Spirit   .   (no helmet)
rElec    .         Reflect  .   (no cloak)
rCorr    .         Harm     .   (no gloves)
MR       .....                  (no boots)
Stlth    +.........             (no amulet)
HPRegen  0.07/turn              (no ring)
MPRegen  0.09/turn              (no ring)

@: lethally poisoned (0 -> -8)
A: claws 1
a: no special abilities


You were on level 2 of the Dungeon.
You were not hungry.

You visited 1 branch of the dungeon, and saw 2 of its levels.

You collected 14 gold pieces.

Inventory:

Hand Weapons
 a - a +0 short sword (weapon)
Missiles
 e - 22 stones (quivered)
Armour
 b - a +0 leather armour (worn)
Scrolls
 f - a scroll of identify {unknown}
 g - a scroll of random uselessness {unknown}
Potions
 i - a potion of curing {unknown}
Books
 c - a book of Battle

   Spells                             Type                      Level
   a - Infusion                       Charms                       1
   b - Shroud of Golubria             Charms/Translocation         2
   c - Song of Slaying                Charms                       2
   d - Spectral Weapon                Hexes/Charms                 3
   e - Regeneration                   Charms/Necromancy            3
Comestibles
 d - 3 rations
 h - 4 chunks of flesh


   Skills:
 * Level 2.2 Fighting
 + Level 2.0 Short Blades
 + Level 1.0 Armour
 * Level 2.0 Dodging
 + Level 0.4 Stealth
 * Level 2.1 Spellcasting
 + Level 2.7 Charms


You had 4 spell levels left.
You knew the following spells:

 Your Spells              Type           Power        Failure   Level  Hunger
a - Infusion              Chrm           #...         10%         1    #......


Dungeon Overview and Level Annotations

Branches:
Dungeon (1/15)

Altars:
Ashenzari


Innate Abilities, Weirdness & Mutations

You have sharp fingernails.


Message History

The adder bites you. The adder bites you.
The adder bites you but does no damage. The adder bites you.
You are poisoned.
The adder poisons you! The adder bites you.
You feel sick. The adder bites you but does no damage. The adder misses you.
You feel sick. The adder bites you. The adder misses you.
The adder bites you but does no damage.
You feel sick. The adder barely misses you. The adder closely misses you. x2
The adder barely misses you. The adder bites you but does no damage.
You feel sick. The adder bites you.
* * * LOW HITPOINT WARNING * * *
You are lethally poisoned!
The adder poisons you! The adder bites you.
You die...

.. .# .# .. .#
.# #######.#
#####.....@.#
..##.#####S#
#.##.# .#
####.##.### .#
#.........# >#
# #.##.##.#.#
..
#.##.##.##.#...
.. #.......##.#
##...
####.#####.. .#


You could see an adder.

Vanquished Creatures
  A leopard gecko (D:1)
  A bat (D:1)
  A goblin (D:1)
  2 hobgoblins (D:1)
  A kobold (D:1)
  2 frilled lizards (D:1)
  12 rats (D:1)
20 creatures vanquished.

Notes
Turn   | Place    | Note
-------+----------+-------------------------------------------
     0 | D:1      | roguesci the Demonspawn Skald began the quest for the Orb.
     0 | D:1      | Reached XP level 1. HP: 16/16 MP: 3/3
    27 | D:1      | Reached skill level 1 in Armour
    35 | D:1      | Gained mutation: You have sharp fingernails. [demonic ancestry]
    35 | D:1      | Reached XP level 2. HP: 12/22 MP: 0/5
   505 | D:1      | Found a shattered altar of Ashenzari.
   508 | D:1      | You fall through a shaft!
   584 | D:2      | Slain by an adder

Vault maps used:
D:1:      erik_arrival_orb_chamber, minmay_tree_intersection, ashenzari_altar_1
D:2:      nicolae_overflow_hidden_temple, tgw_trog, trog_butcher_becter,
          uniq_jessica

Skill      XL: |  1  2 |
---------------+-------+-----
Armour         | 1 |  1.0
Dodging        | 2 |  2.0
Short Blades   | 2 |  2.0
Fighting       | |  2.2
Stealth        | |  0.4
Spellcasting   | |  2.1
Charms         | |  2.7

Action                   || total
-------------------------++-------
Melee: Short sword       ||    58
 Cast: Infusion          ||     5
Armor: Leather armour    ||    17
Dodge: Dodged            ||    45

Table legend:
 A = Spawn XP
 B = Non-spawn XP
 C = Spawn XP percentage of total XP
 D = Spawn monster count
 E = Non-spawn monster count
 F = Spawn count percentage of total count
 G = Total turns spent on level
                    A         B        C        D         E        F      G
               +---------+---------+-------+---------+---------+-------+---------
         Total |       0 |      27 |   0.0 |       0 |      20 |   0.0 |   584
               +---------+---------+-------+---------+---------+-------+---------
           D:1 |       0 |      27 |   0.0 |       0 |      20 |   0.0 |   508
               +---------+---------+-------+---------+---------+-------+---------
